 Dungeon Crawl Stone Soup version 0.32-a0-931-g5a2cda0630 (webtiles) character file.

Game seed: 14148560186150936716

12 Biggs the Sneak (level 2, -6/22 HPs)
             Began as a Coglin Brigand on Apr 14, 2024.
             Mangled by a ribbon worm (8 damage)
             ... on level 2 of the Dungeon.
             The game lasted 00:02:43 (377 turns).

Biggs the Sneak (Coglin Brigand)                     Turns: 377, Time: 00:02:44

Health: -6/22      AC:  3    Str: 11    XL:     2   Next: 33%
Magic:  2/2        EV:  5    Int: 10    God:
Gold:   3          SH:  0    Dex: 15    Spells: 1/1 levels left

rFire   . . .        h - +0 falchion {Kheti}
rCold   . . .        a - +2 dagger {Mira}
rNeg    . . .        b - +0 robe
rPois   .            (no helmet)
rElec   .            c - +0 cloak
rCorr   .            (no gloves)
SInv    .            (no boots)
Will    .....        (amulet unavailable)
Stlth   ++           (ring unavailable)
HPRegen 0.23/turn    (ring unavailable)
MPRegen 0.08/turn    (no gizmo)

%: no passive effects
@: held, revved
A: off-hand wielding, slow wielding, warmup strikes, no jewellery
a: Invent Gizmo


You were on level 2 of the Dungeon.
You visited 1 branch of the dungeon, and saw 2 of its levels.

You collected 27 gold pieces.
You spent 24 gold pieces at shops.

Inventory:

Hand Weapons
 a - a +2 dagger (offhand) {Mira}
 f - a +0 dagger {Necuametl}
 h - a +0 falchion (weapon) {Kheti}
Missiles
 d - 9 poisoned darts (quivered)
 e - 3 curare-tipped darts
Armour
 b - a +0 robe (worn)
 c - a +0 cloak (worn)
Scrolls
 g - a scroll of identify
 i - a scroll of fear {unknown}
 j - 2 scrolls of immolation {unknown}
Potions
 k - a potion of might {unknown}


   Skills:
 - Level 2.0 Fighting
 - Level 1.7(2.1) Short Blades
 + Level 1.9(2.3) Long Blades
 - Level 1.7 Throwing
 - Level 0.8 Dodging
 - Level 3.2 Stealth


You had one spell level left.
You didn't know any spells.
Your spell library contained the following spells:

 Spells                   Type           Power      Damage    Failure   Level
 Teleport Other           Tloc           0%         N/A       75%         3
 Dispersal                Tloc           0%         N/A       100%        6
 Gell's Gavotte           Tloc           0%         2d(11-16) 100%        6


Dungeon Overview and Level Annotations

Branches:
Dungeon (2/15)

Altars:

Shops:
D:1 *?=


Innate Abilities, Weirdness & Mutations

You can wield a second weapon in your off-hand.
It takes a long time for you to wield or remove held weapons.
Your first few attacks do less damage.
You cannot equip rings or amulets.


Message History

The stream of webbing hits you but does no damage.
You are caught in a web!
You struggle to detach yourself from the web.
You struggle to detach yourself from the web.
The ribbon worm bites you.
The web tears apart.
The ribbon worm bites you.
You hit the ribbon worm with your +0 falchion.
The ribbon worm is lightly wounded.
You hit the ribbon worm with your +2 dagger.
The ribbon worm bites you.
You hit the ribbon worm with your +0 falchion.
The ribbon worm is heavily wounded.
You hit the ribbon worm with your +2 dagger.
The ribbon worm expels a string of sticky webbing.
The stream of webbing hits you but does no damage.
You are caught in a web!
The web tears apart.
You hit the ribbon worm with your +2 dagger.
The ribbon worm is severely wounded.
You hit the ribbon worm with your +0 falchion.
The ribbon worm closely misses you.
You barely miss the ribbon worm with your +2 dagger.
The ribbon worm is severely wounded.
You hit the ribbon worm but do no damage.
The ribbon worm bites you!
* * * LOW HITPOINT WARNING * * *
You barely miss the ribbon worm with your +2 dagger.
The ribbon worm is severely wounded.
You hit the ribbon worm but do no damage.
The ribbon worm expels a string of sticky webbing.
The stream of webbing hits you but does no damage.
You are caught in a web!
The web tears apart.
The ribbon worm expels a string of sticky webbing.
The stream of webbing hits you but does no damage.
You are caught in a web!
Unknown command.
You struggle to detach yourself from the web.
The ribbon worm bites you!
You die...

#########
#.......#
#....##.#
#.#.....#
#..<.####
#.#.####.#
#....w@..#
#.......##
#.....#.#
.....#.#.#
####.#.#.#
# #.#.#
#....
###.#


You could see a ribbon worm (catching breath).

Vanquished Creatures
  2 dart slugs (D:1)
  A ball python (D:1)
  2 endoplasms
  A bat (D:1)
  A goblin (D:1)
  2 rats (D:1)
9 creatures vanquished.

Notes
Turn   | Place    | Note
-------+----------+-------------------------------------------
     0 | D:1      | Biggs the Coglin Brigand began the quest for the Orb.
     0 | D:1      | Reached XP level 1. HP: 16/16 MP: 1/1
    39 | D:1      | Reached skill level 1 in Long Blades
    44 | D:1      | Found Ycsyaton's Magic Scroll Shop.
    51 | D:1      | Reached XP level 2. HP: 22/22 MP: 2/2
    83 | D:1      | Bought a scroll of identify for 24 gold pieces
   149 | D:1      | Found Utruduj's General Store.
   288 | D:1      | Found Ziosm's Jewellery Emporium.
   374 | D:2      | HP: 1/22 [ribbon worm (8)]
   377 | D:2      | Mangled by a ribbon worm

Illustrated notes

Levels and vault maps discovered:
D:1:      wander_arrival_lonely_grave, layout_rooms, serial_shops,
          nicolae_shop_peninsula, nicolae_shop_real_fake_doors, shop,
          st_stairs_12
D:2:      layout_basic

Skill      XL: |  1 |
---------------+----+-----
Long Blades    | 1 |  1.9
Fighting       | |  2.0
Short Blades   | |  1.7
Throwing       | |  1.7
Dodging        | |  0.8
Stealth        | |  3.2

Action                     || total
---------------------------++-------
  Melee: Dagger            ||    32
         Falchion          ||    10
   Stab: Sleeping          ||     2
 Armour: Robe              ||    14
  Dodge: Dodged            ||     8

Table legend: (Time is in decaauts)
 A = Elapsed time spent in this place.
 B = Non-inter-level travel time spent in this place.
 C = Inter-level travel time spent in this place.
 D = Time resting spent in this place.
 E = Time spent auto-exploring this place.
 F = Levels seen in this place.
 G = Mean time per level.
                   A        B        C        D        E       F      G
               +--------+--------+--------+--------+--------+-----+--------+
         Total |    376 |    376 |      0 |      0 |      0 |   2 |  188.0 |
       Dungeon |    376 |    376 |      0 |      0 |      0 |   2 |  188.0 |
               +--------+--------+--------+--------+--------+-----+--------+

Top non-repeatable levels by time:
     D:1: 350 daAuts
     D:2: 26 daAuts
